 Dungeon Crawl Stone Soup version 0.28.0 (webtiles) character file.

Game seed: 6073196689176613880

11 HallandMoats the Chopper (level 2, 27/27 HPs)
             Began as a Minotaur Monk on Feb 6, 2022.
             Was a Believer of Sif Muna.
             Got out of the dungeon alive.
             The game lasted 00:00:50 (598 turns).

HallandMoats the Chopper (Minotaur Monk)             Turns: 598, Time: 00:00:51

Health: 27/27      AC:  2    Str: 15    XL:     2   Next: 17%
Magic:  1/1        EV: 13    Int:  7    God:    Sif Muna [**....]
Gold:   39         SH:  0    Dex: 12    Spells: 1/1 levels left

rFire   . . .      SeeInvis .   a - +0 hand axe
rCold   . . .      Faith    .   (no shield)
rNeg    . . .      Spirit   .   b - +0 robe
rPois   .          Reflect  .   (helmet restricted)
rElec   .          Harm     .   (no cloak)
rCorr   .          Rampage  .   (no gloves)
Will    .....                   (no boots)
Stlth   ++........              (no amulet)
HPRegen 0.09/turn               (no ring)
MPRegen 0.07/turn               (no ring)

@: no status effects
A: horns 2, retaliatory headbutt
a: Renounce Religion, Channel Magic


You escaped.
You worshipped Sif Muna.
Sif Muna was pleased with you.
You visited 1 branch of the dungeon, and saw 1 of its levels.

You collected 39 gold pieces.

Inventory:

Hand Weapons
 a - a +0 hand axe (weapon)
Armour
 b - a +0 robe (worn)
Scrolls
 d - a scroll of enchant armour {unknown}
Potions
 c - a potion of attraction {unknown}


   Skills:
 * Level 3.9 Fighting
 * Level 3.9 Axes
 + Level 0.4 Armour
 + Level 3.4 Dodging
 - Level 1.5 Stealth
 + Level 0.3 Invocations


You had one spell level left.
You didn't know any spells.
Your spell library was empty.

Dungeon Overview and Level Annotations

Branches:
Dungeon (1/15)

Altars:
Sif Muna

Shops:
D:1 :


Innate Abilities, Weirdness & Mutations

You have a pair of horns on your head.
You reflexively headbutt those who attack you in melee.


Message History

The endoplasm is moderately wounded.
The endoplasm barely misses you.
You hit the endoplasm. You headbutt the endoplasm.
You kill the endoplasm!
Sif Muna accepts your kill.
No target in view!
No target in view!
No target in view!
No target in view!
No target in view!
No target in view!
No target in view!
No target in view!
No target in view!
No target in view!
No target in view!
No target in view!
No target in view!
No target in view!
No target in view!
No target in view!
No target in view!
No target in view!
No target in view!
No target in view!
No target in view!
No target in view!
(D) Dungeon
Where to? (Enter - D:1 @ (x,y), ? - help)
You see here a bat skeleton.
As you open the door, it creaks loudly!
You can't go up here!
Unknown command.
There is an open door here.
There is a staircase leading out of the dungeon here.
You start waiting.
Done waiting.
There is a staircase leading out of the dungeon here.
Are you sure you want to leave the Dungeon?
This will make you lose the game!
You have escaped!

#.# ... #.# ###.
#.##.# . #+# #.##.#
#.## #.##.# #..##
..##.# #...## ####.#
##....## # #.#
#######......## ##
#.# #.'.....@.....#
.#
#.####.#####......##
.#
#..........##....##
.#
##.####..#..#...##
.####.## #..####..##
.......# #...# #.##
.#####.###.#.#
#'####### .#
#.##.#.(# #.##....#
.# #...###.#
#.##....#


There were no monsters in sight!

Vanquished Creatures
  A ball python (D:1)
  An endoplasm (D:1)
  A giant cockroach (D:1)
  A goblin (D:1)
  2 hobgoblins (D:1)
  A quokka (D:1)
  2 bats (D:1)
  A frilled lizard (D:1)
10 creatures vanquished.

Notes
Turn   | Place    | Note
-------+----------+-------------------------------------------
     0 | D:1      | HallandMoats the Minotaur Monk began the quest for the Orb.
     0 | D:1      | Reached XP level 1. HP: 19/19 MP: 0/0
   247 | D:1      | Reached XP level 2. HP: 18/27 MP: 1/1
   344 | D:1      | Found Wirchyocs's Book Shoppe.
   389 | D:1      | Found a faded altar of an unknown god.
   399 | D:1      | Prayed at the altar of an unknown god.
   399 | D:1      | Became a worshipper of Sif Muna the Loreminder
   399 | D:1      | Reached * piety under Sif Muna
   399 | D:1      | Reached ** piety under Sif Muna
   598 | D:$      | Got out of the dungeon alive.

Illustrated notes

Levels and vault maps discovered:
D:1:      mrwooster_arrival_arrow, layout_loops_ring,
          hellmonk_ecumenical_altar_arch_garden, serial_shops,
          nicolae_square_shop, minmay_hedge_maze

Action                   || total
-------------------------++-------
Melee: Hand axe          ||    25
       Headbutt          ||     3
 Stab: Sleeping          ||     1
Armor: Robe              ||     6
Dodge: Dodged            ||    16
